 Dungeon Crawl Stone Soup version 0.29.0-7-g18a832c13a (webtiles) character file.

Game seed: 10986557646749506766

2 Locuples the Sneak (level 1, 0/12 HPs)
             Began as a Vampire Brigand on Aug 31, 2022.
             Slain by a quokka (1 damage)
             ... on level 1 of the Dungeon.
             The game lasted 00:00:44 (84 turns).

Locuples the Sneak (Vampire Brigand)                  Turns: 84, Time: 00:00:45

Health: 0/12       AC:  3    Str: 10    XL:     1   Next: 25%
Magic:  1/1        EV: 12    Int: 13    God:
Gold:   4          SH:  0    Dex: 15    Spells: 0/0 levels left

rFire   . . .      SeeInvis +   a - +2 dagger
rCold   + + .      Faith    .   (no shield)
rNeg    + + +      Spirit   .   b - +0 robe
rPois   ∞          Reflect  .   (no helmet)
rElec   .          Harm     .   c - +0 cloak
rCorr   .          Rampage  .   (no gloves)
Will    .....                   (no boots)
Stlth   +++++.....              (no amulet)
HPRegen 0.00/turn               (no ring)
MPRegen 0.07/turn               (no ring)

@: bloodless, inhibited regen
A: bloodless, fangs 3, see invisible, vampiric 1
a: Revivify


You were on level 1 of the Dungeon.
You visited 1 branch of the dungeon, and saw 1 of its levels.

You collected 4 gold pieces.

Inventory:

Hand Weapons
 a - a +2 dagger (weapon)
Missiles
 d - 9 poisoned darts (quivered)
 e - 3 curare-tipped darts
Armour
 b - a +0 robe (worn)
 c - a +0 cloak (worn)


   Skills:
 + Level 1.7 Fighting
 * Level 2.2 Short Blades
 - Level 1.5 Throwing
 + Level 1.1 Dodging
 * Level 6.0 Stealth


You couldn't memorise any spells.
You didn't know any spells.
Your spell library was empty.

Dungeon Overview and Level Annotations

Branches:
Dungeon (1/15)

Altars:


Innate Abilities, Weirdness & Mutations

You do not regenerate when monsters are visible.
You are frail without blood (-20% HP).
You can heal yourself when you bite living creatures.
You are immune to poison.
You have razor-sharp teeth.
You have supernaturally acute eyesight. (SInv)
You are afflicted with vampirism.


Message History

A ball python and a hobgoblin come into view.
Found a scroll labelled OMI ISEULAQA.
The hobgoblin shouts! x2; The ball python hisses angrily.
You hear an angry hiss.
The quokka bites you.
You hit the quokka.
The quokka is heavily wounded.
The quokka misses you.
You closely miss the quokka.
The quokka is heavily wounded.
The hobgoblin barely misses you. The quokka completely misses you.
The ball python misses you. x2; The hobgoblin barely misses you.
The quokka bites you.
The ball python bites you but does no damage.
The ball python grabs you. The ball python constricts you.
Okay, then.
You hit the ball python.
You kill the ball python!
The quokka bites you.
* * * LOW HITPOINT WARNING * * *
The hobgoblin attacks as you move away! The hobgoblin misses you.
The quokka completely misses you.
You hit the quokka.
The quokka is severely wounded.
The quokka bites you.
* * * LOW HITPOINT WARNING * * *
You hit the quokka but do no damage.
The quokka is severely wounded.
The quokka barely misses you. The quokka attacks as you move away!
The quokka bites you but does no damage.
There is a stone staircase leading down here.
The quokka closely misses you.
You begin the revivification ritual.
You continue your ritual.
The quokka twitches its whiskers.
The quokka bites you but does no damage.
Continue your ritual?
You continue your ritual.
The quokka closely misses you. The quokka bites you.
You die...

~~≈≈≈≈P~...#
≈≈≈≈~≈≈.~..####
≈≈~P~~~P........
≈≈P.~~......#...
~P~.~...........
#g.......#
#g##..##.. #r#
.?.. ## #@# #...
..##.# .. #.##.#
. #.##.# #.
#.##.# #.##.##.#
#####.##.##.#
......##.)..#
####......####.#.


You could see a quokka and 2 hobgoblins.

Vanquished Creatures
  A ball python (D:1)
  A kobold (D:1)
  A rat (D:1)
3 creatures vanquished.

Notes
Turn   | Place    | Note
-------+----------+-------------------------------------------
     0 | D:1      | Locuples the Vampire Brigand began the quest for the Orb.
     0 | D:1      | Reached XP level 1. HP: 16/16 MP: 1/1
    57 | D:1      | Found a faded altar of an unknown god.
    60 | D:1      | Reached skill level 6 in Stealth
    84 | D:1      | Slain by a quokka

Illustrated notes

Levels and vault maps discovered:
D:1:      kennysheep_arrival_forest, layout_basic, shapermc_ecumenical_altar_gd,
          chequers_big_river, minmay_misc_feat_room

Skill      XL: |  1 |
---------------+----+-----
Stealth        | 6 |  6.0
Fighting       | |  1.7
Short Blades   | |  2.2
Throwing       | |  1.5
Dodging        | |  1.1

Action                   || total
-------------------------++-------
Melee: Dagger            ||     7
 Abil: Exsanguinate      ||     1
       Revivify          ||     1
 Stab: Sleeping          ||     2
Armor: Robe              ||     3
Dodge: Dodged            ||    11
